cohdb
Replays
Latest Replays
All Replays
Popular Replays
Top Player Replays
Match Explorer
How It Works
Community
CoH3 Stats
Reddit
Sign in to upload your games and track your stats! →
Sign in with Steam
Match 39210378
Unlisted
Match 39210378
Overview
Messages
Build Orders
End
Royal Engineer Section
Construct Section Command Post
Selects Indian Artillery Battlegroup
Selects Indian Artillery Battlegroup
Infantry Section
Infantry Section
Selects War Cry
Infantry Section
Construct Platoon Command Post
Selects Gurkha Rifles Section
Humber Armored Car
Construct Field Infirmary
Infantry Training
Gurkha Rifles Section
Selects Volunteer Infantry
Selects Artillery Saturation
Construct Company Command Post
Selects Off-map Airburst Barrage
Crusader II Medium Tank
Crusader II Medium Tank
Selects BL5.5 Artillery Emplacement
Off-map Airburst Barrage
Crusader II Medium Tank
Royal Engineer Section
Armored Vehicle Training
Crusader II Medium Tank
Off-map Airburst Barrage
Off-map Airburst Barrage
STALKER4732
Devochkin
Rommel
TardberryPickles
0
0
Comments
sign in to comment!
No comments posted yet!